 Dungeon Crawl Stone Soup version 0.27-a0-1193-g8631133539 (webtiles) character file.

Game seed: 9163176059669284867

1225 coolguy69 the Slicer (level 8, -9/39 HPs)
             Began as a Vine Stalker Monk on May 26, 2021.
             Was a Believer of Okawaru.
             Killed by divine providence
             ... invoked by an orc priest
              (14 damage)
             ... on level 6 of the Dungeon.
             The game lasted 00:06:50 (6472 turns).

coolguy69 the Slicer (Vine Stalker Monk)            Turns: 6472, Time: 00:06:51

Health: -9/39      AC:  8    Str: 17    XL:     8   Next: 47%
Magic:  0/18       EV: 10    Int: 10    God:    Okawaru [**....]
Gold:   436        SH:  0    Dex: 16    Spells: 7/7 levels left

rFire    . . .     SeeInvis .   a - +0 short sword
rCold    . . .     Faith    .   (no shield)
rNeg     . . .     Spirit   +   o - +0 scale mail {rPois}
rPois    +         Reflect  .   (no helmet)
rElec    .         Harm     .   l - +0 cloak
rCorr    +         Rampage  .   (no gloves)
Will     +....                  m - +0 pair of boots
Stlth    +.........             (no amulet)
HPRegen  1.13/turn              g - ring of magical power
MPRegen  0.16/turn              b - ring of resist corrosion

@: mighty
A: fangs 3, regeneration 1, magic shield, antimagic bite, no potion heal 2
a: Renounce Religion, Heroism


You were on level 6 of the Dungeon.
You worshipped Okawaru.
Okawaru was pleased with you.
You visited 2 branches of the dungeon, and saw 7 of its levels.

You collected 436 gold pieces.

Inventory:

Hand Weapons
 a - a +0 short sword (weapon)
Missiles
 h - 2 curare-tipped darts (quivered)
Armour
 l - a +0 cloak (worn)
 m - a +0 pair of boots (worn)
 o - a +0 scale mail of poison resistance (worn)
Jewellery
 b - a ring of resist corrosion (right hand)
 g - a ring of magical power (left hand)
Scrolls
 c - 3 scrolls of teleportation
 e - a scroll of magic mapping {unknown}
 i - 5 scrolls of identify
 k - a scroll of enchant armour {unknown}
 r - 2 scrolls of noise {unknown}
 u - a scroll of vulnerability {unknown}
 w - 3 scrolls of enchant weapon {unknown}
Potions
 d - 7 potions of curing
 f - a potion of lignification {unknown}
 j - a potion of berserk rage {unknown}
 n - a potion of magic {unknown}
 q - a potion of degeneration {unknown}
 s - a potion of heal wounds {unknown}
 t - a potion of ambrosia {unknown}
 v - a potion of attraction {unknown}
 x - a potion of haste {unknown}
 z - a potion of resistance {unknown}


   Skills:
 - Level 2.6 Fighting
 + Level 9.5 Short Blades
 - Level 2.4 Dodging
 - Level 2.4 Stealth


You had 7 spell levels left.
You didn't know any spells.
Your spell library contained the following spells:

 Spells                   Type           Power      Damage    Failure   Level
 Animate Skeleton         Necr           0%         N/A       80%         1
 Pain                     Necr           0%         1d4       80%         1
 Confusing Touch          Hex            0%         N/A       99%         3
 Gell's Gravitas          Tloc           0%         N/A       99%         3
 Vampiric Draining        Necr           0%         2d6       99%         3
 Animate Dead             Necr           0%         N/A       100%        4
 Petrify                  Tmut/Erth      0%         N/A       100%        4
 Agony                    Necr           0%         N/A       100%        5
 Metabolic Englaciation   Hex/Ice        0%         N/A       100%        5
 Yara's Violent Unravell  Hex/Tmut       0%         3d3       100%        5


Dungeon Overview and Level Annotations

Branches:
Dungeon (6/15)             Temple (1/1) D:4

Altars:
Ashenzari
Cheibriados
Dithmenos
Elyvilon
Fedhas
Hepliaklqana
Kikubaaqudgha
Makhleb
Nemelex Xobeh
Okawaru
Qazlal
Ru
Sif Muna
Trog
Uskayaw
Vehumet
Wu Jian
Xom
Yredelemnul
Zin
The Shining One


Innate Abilities, Weirdness & Mutations

You have razor-sharp teeth.
Your natural rate of healing is unusually fast.
When hurt, damage is shared between your health and your magic reserves.
Your bite disrupts and absorbs the magic of your enemies.
Potions cannot restore your health.


Message History

An orc priest comes into view. It is wielding a +0 whip.
There are monsters nearby!
You closely miss the orc warrior.
The orc priest shouts!
The orc warrior closely misses you.
You hit the orc warrior but do no damage.
The orc hits you but does no damage.
Unknown command.
The orc warrior hits you from afar with a +0 trident.
You feel very mighty all of a sudden.
The orc warrior hits you from afar with a +0 trident.
The orc barely misses you.
You hit the orc. Your bite misses the orc.
The orc is almost dead.
The orc warrior hits you from afar with a +0 trident.
The orc misses you.
You puncture the orc!
You kill the orc!
Okawaru accepts your kill.
The orc warrior hits you from afar with a +0 trident!
The orc closely misses you.
The orc warrior hits you with a +0 trident!!
You see here a +0 flail.
You are too injured to fight recklessly!
You are too injured to fight recklessly!
You are too injured to fight recklessly!
You are too injured to fight recklessly!
You are too injured to fight recklessly!
You are too injured to fight recklessly!
You are too injured to fight recklessly!
You are too injured to fight recklessly!
Unknown command.
The orc warrior hits you from afar with a +0 trident!
* * * LOW HITPOINT WARNING * * *
The orc priest invokes the aid of Beogh against you.
Beogh smites you!
* * * LOW HITPOINT WARNING * * *
The orc priest calls down the wrath of Beogh upon you.
Beogh smites you!
You die...

#.#.##.#.#. #.#.#..#.#. ###
#.#.#..#.#. ..# #.#.#.##.#.
####..############.#......#.
............................
.....##...##.###..........
#..##...##.#######.##...
#o).oo@.........#.##...
#.##...##.#####.#.##... #.
#.$.##.# #.##... ## #...##.#
#.##... ..#####.# #... ##.
#.. #... .. ... ##+ ..


You could see an orc warrior, an orc priest and an orc.

Vanquished Creatures
  Purgy (D:3)
  An ice beast (D:5)
  A necrophage (D:4)
  An ogre (D:3)
  2 phantoms (D:4)
  2 bullfrogs
  2 centaur zombies (D:5)
  A hound (D:4)
  A bullfrog skeleton (D:4)
  A centaur skeleton (D:5)
  2 iguanas
  Ijyb (D:5)
  7 orc wizards
  A killer bee zombie (D:5)
  A hound skeleton (D:5)
  3 adders (D:3)
  A shadow imp (D:5)
  A white imp (D:5)
  An adder skeleton (D:4)
  2 worms
  4 dart slugs
  18 orcs
  8 bats
  6 endoplasms
  2 giant cockroaches (D:1)
  5 goblins
  5 hobgoblins
  3 quokkas
  7 ball pythons
  3 frilled lizards
  9 kobolds
  5 rats
108 creatures vanquished.

Vanquished Creatures (others)
  3 fungi (D:4)
  2 plants (D:4)
5 creatures vanquished.

Grand Total: 113 creatures vanquished

Notes
Turn   | Place    | Note
-------+----------+-------------------------------------------
     0 | D:1      | coolguy69 the Vine Stalker Monk began the quest for the
                  | Orb.
     0 | D:1      | Reached XP level 1. HP: 11/11 MP: 2/2
   136 | D:1      | Found a faded altar of an unknown god.
   193 | D:1      | Reached skill level 3 in Short Blades
   211 | D:1      | Reached XP level 2. HP: 16/16 MP: 3/3
  1071 | D:2      | Reached XP level 3. HP: 18/19 MP: 4/4
  1460 | D:2      | Reached skill level 4 in Short Blades
  2148 | D:3      | Gained mutation: Your natural rate of healing is unusually
                  | fast. [Vine Stalker growth]
  2148 | D:3      | Reached XP level 4. HP: 22/23 MP: 5/5
  2254 | D:3      | Found a shimmering altar of Xom.
  2362 | D:3      | Noticed Purgy
  2406 | D:3      | Killed Purgy
  2407 | D:3      | Reached skill level 5 in Short Blades
  2407 | D:3      | Reached XP level 5. HP: 20/27 MP: 6/6
  2732 | D:3      | Reached skill level 6 in Short Blades
  2732 | D:3      | Reached XP level 6. HP: 25/32 MP: 7/7
  3335 | D:4      | Found a blossoming altar of Fedhas.
  3535 | D:4      | Reached skill level 7 in Short Blades
  3535 | D:4      | Reached XP level 7. HP: 35/35 MP: 8/8
  4043 | D:4      | Found a sparkling altar of Nemelex Xobeh.
  4179 | D:4      | Found a staircase to the Ecumenical Temple.
  4231 | D:4      | Reached skill level 8 in Short Blades
  4382 | D:4      | Found a shimmering blue altar of Sif Muna.
  4428 | D:4      | Gained mutation: You have razor-sharp teeth. [Vine Stalker
                  | growth]
  4428 | D:4      | Reached XP level 8. HP: 39/39 MP: 9/9
  4602 | Temple   | Entered the Ecumenical Temple
  4800 | Temple   | Became a worshipper of Warmaster Okawaru
  4800 | Temple   | Reached * piety under Okawaru
  4800 | Temple   | Reached ** piety under Okawaru
  4848 | D:5      | Entered Level 5 of the Dungeon
  5269 | D:5      | Reached skill level 9 in Short Blades
  5507 | D:5      | Found a burning altar of Makhleb.
  5909 | D:5      | Noticed Ijyb
  5957 | D:5      | Killed Ijyb
  6472 | D:6      | Killed from afar by an orc priest

Illustrated notes

Levels and vault maps discovered:
D:1:      dpeg_arrival_oval, layout_loops_ring, ebering_ecumenical_altar_webs
D:2:      layout_rooms, minmay_joined_circles
D:3:      layout_basic, xom_butterflies, st_stairs_3, uniq_purgy
D:4:      layout_layer_cave, fedhas_altar_3, kennysheep_orc_sif_temple,
          lemuel_doored_altar, temple_green
D:5:      layout_layer_cave, kennysheep_mini_moat, serial_glass,
          glass_columns_a, glass_columns_c, nrook_mini_backslash,
          supply_closet_lemuel, hangedman_decor_peaks_small,
          kennysheep_generic_room_10, uniq_ijyb
D:6:      layout_basic, kennysheep_mini, serial_curves, eino_curves_03,
          eino_curves_01
Temple:   regret_index_temple_sphere_string

Skill      XL: |  1  2  3  4  5  6  7  8 |
---------------+-------------------------+-----
Short Blades   | 3 4 5 6 7 8 9 |  9.5
Fighting       | |  2.6
Dodging        | |  2.4
Stealth        | |  2.4

Action                   |  1- 3 |  4- 6 |  7- 9 || total
-------------------------+-------+-------+-------++-------
Melee: Short sword       |    99 |   169 |   285 ||   553
       Bite              |    31 |    60 |    82 ||   173
  Use: Scroll            |     4 |       |       ||     4
       Potion            |       |     1 |     1 ||     2
 Stab: Sleeping          |     2 |       |       ||     2
Armor: Robe              |    21 |       |       ||    21
       Ring mail         |    11 |       |       ||    11
       Scale mail        |     6 |    68 |   101 ||   175
       Leather armour    |     6 |       |       ||     6
Dodge: Dodged            |    66 |    76 |    82 ||   224

Table legend: (Time is in decaauts)
 A = Elapsed time spent in this place.
 B = Non-inter-level travel time spent in this place.
 C = Inter-level travel time spent in this place.
 D = Time resting spent in this place.
 E = Time spent auto-exploring this place.
 F = Levels seen in this place.
 G = Mean time per level.
                   A        B        C        D        E       F      G
               +--------+--------+--------+--------+--------+-----+--------+
         Total |   6342 |   6070 |    272 |    347 |   4821 |   7 |  906.0 |
       Dungeon |   6116 |   5917 |    199 |    347 |   4669 |   6 | 1019.3 |
        Temple |    226 |    153 |     73 |      0 |    152 |   1 |  226.0 |
               +--------+--------+--------+--------+--------+-----+--------+

Top non-repeatable levels by time:
     D:5: 1464 daAuts
     D:4: 1354 daAuts
     D:2: 1130 daAuts
     D:3: 1097 daAuts
     D:1: 960 daAuts
  Temple: 226 daAuts
     D:6: 108 daAuts
